Cogmind - Beta 11.1 @@@ ROGUE MODE // 2022.11.27 @ 14:09:34 Player: ktur Result: Destroyed by as-44996 with Assembled Heavy Rifle Performance ------------- Evolutions (0) 0 Regions Visited (2) 400 Robots Destroyed (23) 115 Value Destroyed (577) 577 Prototype IDs (2) 40 Alien Tech Used (0) 0 Bonus (0) 0 TOTAL SCORE: 1132 Bonus ------- None Cogmind --------- Core Integrity 0/250 Matter 285/300 Energy 94/100 System Corruption 0% Temperature Cool (0) Movement Treading (160) Location -10/Mines Parts ------- > --- POWER (1) -------- (None) > --- PROPULSION (2) --- Light Treads Light Treads > --- UTILITY (2) ------ Medium Storage Unit > --- WEAPON (2) ------- Medium Laser Assault Rifle > --- INVENTORY (10) --- Light Treads Light Treads Hacking Suite Medium Laser Assault Rifle Peak State ------------ > --- POWER ------------ Ion Engine > --- PROPULSION ------- Light Treads Light Treads > --- UTILITY ---------- Medium Storage Unit Large Matter Pod > --- WEAPON ----------- Assault Rifle Assault Rifle > --- INVENTORY -------- Ion Engine Light Treads Light Treads Light Treads Light Treads Light Treads Light Treads Medium Laser Assault Rifle Light Assault Rifle [Rating: 8] Favorites ----------- Power Ion Engine Engine Ion Engine Propulsion Light Treads Treads Light Treads Utility Large Matter Pod Storage Large Matter Pod Processor Targeting Computer Weapon Assault Rifle Energy Gun Medium Laser Ballistic Gun Assault Rifle Build | -11 -10 -10 ------- Run | Scr Mat Min Slots Evolved . | . . . Power . | . . . Propulsion . | . . . Utility . | . . . Weapon . | . . . Parts Attached 25 | 6 14 5 Power 3 | 1 2 . Engine 3 | 1 2 . Core . | . . . Reactor . | . . . Propulsion 8 | 2 3 3 Treads 8 | 2 3 3 Leg . | . . . Wheel . | . . . Hover . | . . . Flight . | . . . Utility 5 | 1 4 . Device . | . . . Storage 4 | 1 3 . Processor 1 | . 1 . Hackware . | . . . Protection . | . . . Artifact . | . . . Weapon 9 | 2 5 2 Energy Gun 2 | . 1 1 Energy Cannon . | . . . Ballistic Gun 7 | 2 4 1 Ballistic Cannon . | . . . Launcher . | . . . Special Weapon . | . . . Impact Weapon . | . . . Slashing Weapon . | . . . Piercing Weapon . | . . . Special Melee Weapon . | . . . Unidentified Prototypes . | . . . Parts Lost 8 | . 1 7 Power 1 | . . 1 Propulsion 3 | . . 3 Utility 2 | . 1 1 Weapon 2 | . . 2 Highest Loss Streak 2 | . 1 2 To Critical Strikes . | . . . Average Slot Usage (%) 95 | . 94 97 Engine 13 | . 13 13 Treads 27 | . 27 26 Storage 24 | . 21 27 Processor 1 | . 2 . Energy Gun 8 | . 4 13 Ballistic Gun 18 | . 23 14 Naked Turns . | . . . Heaviest Build 22 | 14 22 22 Greatest Support 40 | 40 40 40 Greatest Overweight (x) 4 | . 4 1 Average Overweight (x) . | . . . Largest Inventory Capacity 10 | 8 10 10 Average Capacity 9 | 6 8 10 Most Carried 10 | 6 10 10 Average Carried 7 | 3 8 6 Final Capacity 10 | 8 10 10 Final Carried 10 | 6 10 5 Class Distribution -------------------- 100% | Mutant Dominant Class ---------------- Mutant | -10/Materials Mutant | -10/Mines Resources | -11 -10 -10 ----------- Run | Scr Mat Min Matter Collected 893 | 216 437 240 Remotely . | . . . Salvage Created 680 | . 443 237 Parts 38 | . 35 3 Haulers Intercepted 1 | . 1 . Recyclers Shooed 1 | . 1 . Parts Field Recycled . | . . . Retrieved Matter . | . . . Parts Self-Destructed . | . . . Prevented . | . . . Kills | -11 -10 -10 ------- Run | Scr Mat Min Combat Hostiles Destroyed 22 | . 11 11 Guns 21 | . 10 11 AOE 1 | . 1 . Classes Destroyed 9 | . 7 2 Worker 1 | . 1 . Builder 1 | . 1 . Hauler 1 | . 1 . Operator 1 | . 1 . Watcher 2 | . 2 . Swarmer 6 | . 6 . Grunt 9 | . 5 4 Demolisher 2 | . . 2 Assembled 5 | . . 5 Best Kill Streak 4 | . 4 2 Combat Bots Only 3 | . 3 2 Max Kills in Single Turn 1 | . 1 1 Gunslinging . | . . . Exploded 1 | . 1 . Melee . | . . . Uniques/NPCs Destroyed . | . . . Combat | -11 -10 -10 -------- Run | Scr Mat Min Damage Taken 1371 | . 332 1039 Core 258 | . 88 170 Absorbed by Shields . | . . . Core Remaining (%) 100 | 100 . . Volleys Fired 87 | . 38 49 Largest 2 | . 2 2 Hottest 70 | . 70 70 Shots Fired 166 | . 74 92 Gun 166 | . 74 92 Cannon . | . . . Launcher . | . . . Special . | . . . Kinetic 121 | . 72 49 Thermal 45 | . 2 43 Explosive . | . . . Electromagnetic . | . . . Robot Hit Streak 17 | . 6 17 Robot Miss Streak 4 | . 3 4 Penetration Max . | . . . Secondary Targets 3 | . 2 1 Max Gunslinging Chain 1 | . 1 1 Shots Hit Robots 107 | . 41 66 Core Hits 46 | . 23 23 Critical Kills . | . . . Critical Parts Destroyed . | . . . Critical Strikes 7 | . . 7 Burn 7 | . . 7 Melee Attacks . | . . . Impact . | . . . Slashing . | . . . Piercing . | . . . Sneak Attacks . | . . . Combat Hostiles . | . . . Follow-up Attacks . | . . . Damage Inflicted 1583 | . 696 887 Guns 1473 | . 594 879 Cannons . | . . . Explosions 101 | . 101 . Melee . | . . . Ramming 9 | . 1 8 Kinetic 1023 | . 569 454 Thermal 450 | . 25 425 Explosive 101 | . 101 . Electromagnetic . | . . . Impact . | . . . Slashing . | . . . Piercing . | . . . Highest Corruption . | . . . Average Corruption . | . . . Corruption Purged . | . . . Corruption Blocked . | . . . Overload Shots . | . . . Overflow Damage . | . . . Projectiles . | . . . Explosions . | . . . Melee . | . . . Knockbacks . | . . . Impact . | . . . Kinetic . | . . . Secondary . | . . . Self-Inflicted Damage . | . . . Shots . | . . . Rammed 3 | 1 1 1 Targets Rammed 3 | 1 1 1 Kicked . | . . . Crushed . | . . . Highest Temperature 126 | . 9 126 Average Temperature 35 | . 5 37 Received Heat Transfer 344 | . 102 242 Siege Activations . | . . . Robots Corrupted . | . . . Combat Hostiles . | . . . Parts Fried . | . . . Impact Corruptions . | . . . Robots Melted . | . . . Combat Hostiles . | . . . Parts Melted 2 | . 1 1 Heat Transferred 1813 | . 74 1739 Parts Sabotaged . | . . . Parts Stolen . | . . . Parts Stripped . | . . . Power Chain Reactions . | . . . Missiles Intercepted . | . . . Alert | -11 -10 -10 ------- Run | Scr Mat Min Peak Influence 251 | . 251 136 Initial 26 | . . 26 Average 92 | . 137 53 Maximum Alert Level 1 | . 1 . Low Security (%) 84 | 100 69 100 Level 1 15 | . 30 . Level 2 . | . . . Level 3 . | . . . Level 4 . | . . . Level 5 . | . . . High Security . | . . . Max Security . | . . . Squads Dispatched 1 | . 1 . Investigation . | . . . Extermination . | . . . Reinforcement 1 | . 1 . Assault . | . . . Garrison . | . . . Intercept . | . . . Searches Triggered . | . . . Construction Impeded . | . . . Haulers Reinforced . | . . . Active Scanning Responses . | . . . Cargo Convoy Interrupts . | . . . Stealth | -11 -10 -10 --------- Run | Scr Mat Min Distress Signals 3 | . 3 . Communications Jammed . | . . . Distress Signals . | . . . Times Spotted 38 | . 20 18 Peak Tracking Total 6 | . 6 5 Tactical Retreats 5 | . 1 4 Traps | -11 -10 -10 ------- Run | Scr Mat Min Traps Triggered 3 | . 3 . Indirectly . | . . . Trap Hack Attempts . | . . . Triggered . | . . . Disarmed . | . . . Reprogrammed . | . . . Reused . | . . . Traps Extracted . | . . . Installed . | . . . Triggered . | . . . Machines | -11 -10 -10 ---------- Run | Scr Mat Min Machines Disabled 1 | . 1 . Max in Single Turn 1 | . 1 . Machines Sabotaged . | . . . Garrisons Compromised . | . . . Overloaded Fab Kills . | . . . Hacking | -11 -10 -10 --------- Run | Scr Mat Min Machines Accessed 3 | . 3 . Terminals 3 | . 3 . Fabricators . | . . . Repair Stations . | . . . Recycling Units . | . . . Scanalyzers . | . . . Garrison Access . | . . . Total Hacks 13 | . 13 . Successful 5 | . 5 . Failed 8 | . 8 . Catastrophic 2 | . 2 . Database Lockouts . | . . . Manual 9 | . 9 . Terminals 13 | . 13 . Fabricators . | . . . Repair Stations . | . . . Recycling Units . | . . . Scanalyzers . | . . . Garrison Access . | . . . Terminal Hacks 5 | . 5 . Robot Analysis 2 | . 2 . Prototype ID Bank 1 | . 1 . Branch Access Points 1 | . 1 . Hauler Manifests 1 | . 1 . Fabricator Hacks . | . . . Repair Station Hacks . | . . . Recycling Unit Hacks . | . . . Scanalyzer . | . . . Garrison Access Hacks . | . . . Unauthorized Hacks . | . . . Terminals . | . . . Fabricators . | . . . Repair Stations . | . . . Recycling Units . | . . . Scanalyzers . | . . . Garrison Access . | . . . Data Cores Recovered . | . . . Used . | . . . Hacking Detections 3 | . 3 . Full Trace Events . | . . . Feedback Events . | . . . Feedback Blocked . | . . . Robot Schematics Acquired . | . . . Robots Built . | . . . Authchips . | . . . Time . | . . . Total Robot Build Rating . | . . . Part Schematics Acquired . | . . . Parts Built . | . . . Authchips . | . . . Time . | . . . Total Part Build Rating . | . . . Parts Repaired . | . . . Time . | . . . Parts Recycled . | . . . Recycled Matter . | . . . Retrieved Matter . | . . . Retrieved Components . | . . . Parts Scanalyzed . | . . . Part Schematics Acquired . | . . . Parts Damaged . | . . . Bothacking | -11 -10 -10 ------------ Run | Scr Mat Min Used RIF Installer . | . . . Robots Hacked . | . . . Non-combat . | . . . Combat . | . . . Robot Hacks Applied . | . . . Relay Couplers Released . | . . . Fabnet Peak Effective % . | . . . Robots Rewired . | . . . Allies Hacked . | . . . Hacks Repelled . | . . . Allies | -11 -10 -10 -------- Run | Scr Mat Min Total Allies . | . . . Largest Group . | . . . Highest-Rated Group . | . . . Highest-Rated Ally . | . . . Total Orders . | . . . Ally Attacks . | . . . Total Damage . | . . . Kills . | . . . Allies Corrupted . | . . . Allies Melted . | . . . Intel | -11 -10 -10 ------- Run | Scr Mat Min Robot Analysis Total 2 | . 2 . Derelict Logs Recovered . | . . . Drone Launches . | . . . Drone Recoveries . | . . . Exploration | -11 -10 -10 ------------- Run | Scr Mat Min Turns Passed 1634 | 70 812 752 Spaces Moved 806 | 36 405 365 Core 5 | 4 1 . Treads 801 | 32 404 365 Legs . | . . . Wheels . | . . . Hover . | . . . Flight . | . . . Fastest Speed 50 | 50 160 160 Average Speed 161 | 147 160 163 Slowest Speed 250 | 160 250 240 Overloaded Moves . | . . . Propulsion Burnouts . | . . . Robots Hopped . | . . . Cave-ins Triggered . | . . . Exploration Rate (%) 41 | 5 56 64 Regions Visited 2 Branch Regions 1 Pre-discovered Areas . | . . . Known Exits Taken 1 | . 1 . Unknown Exits Taken 1 | 1 . . Scrap Searched . | . . . Spaces Dug . | . . . Terrain Destroyed 20 | . 20 . Melee . | . . . Projectile . | . . . AOE 20 | . 20 . Terrain Rammed . | . . . Walls Destroyed . | . . . Machines Disabled . | . . . Actions | -11 -10 -10 --------- Run | Scr Mat Min Total 975 | 50 495 430 Wait 22 | . 12 10 Move 804 | 35 404 365 Hop . | . . . Pick Up 21 | 8 13 . Fast Attach 14 | 4 10 . Attach 8 | 2 1 5 Detach . | . . . Swap 3 | . 3 . Drop 13 | . 13 . Fire 87 | . 38 49 Melee . | . . . Ram . | . . . Kick . | . . . Crush 3 | 1 1 1 Escape Stasis . | . . . Rewire . | . . . Trap . | . . . Miscellaneous . | . . . Route ------- -11/Scrapyard -10/Materials (discovered 3 exits: [*Mat x2] / *Min) -10/Mines History --------- Turn | Location | Event 5 | -11/Scrapyard | Discovered new exit (range 16) 71 | -11/Scrapyard | Entered Materials 312 | -10/Materials | Build established: Mutant 377 | -10/Materials | Discovered new exit (range 6) 496 | -10/Materials | Identified exit to Mines 747 | -10/Materials | Discovered new exit (range 15) 883 | -10/Materials | Entered Mines 909 | -10/Mines | Met a Derelict bent on vengeance 1129 | -10/Mines | Assembled infested the area 1151 | -10/Mines | Core integrity fell below 50% 1599 | -10/Mines | Core integrity fell below 20% 1635 | -10/Mines | Destroyed by as-44996 with Assembled Heavy Rifle Last Messages --------------- 01201_ as-30509 suffers critical hit (Burn). 01201_ as-30509 destroyed. 01262_ Slammed into T-07 Excavator. 01317_ T-07 Excavator is excavating. 01390_ Acquired 22 matter. 01391_ Extracted 25 matter. 01491_ as-78163 suffers critical hit (Burn). 01491_ as-78163 destroyed. 01504_ Acquired 12 matter. 01526_ as-68499 destroyed. 01536_ Acquired 3 matter. 01589_ as-76076 suffers critical hit (Burn). 01594_ Lrg. Matter Pod destroyed. 01598_ as-76076 destroyed. 01598_ Switching to secondary target: as-03201. 01600_ Ion Engine destroyed. 01604_ as-03201 suffers critical hit (Burn). 01613_ Destroyed Asb. Hover Unit. 01613_ as-03201 destroyed. 01616_ Acquired 16 matter. Map ----- +----------------------------------------------------+ | ???????#########????????# #???????## ##???????? | | ????????????????????????# #??????## #???????? | | ????????????????????????# ######?# #???????? | | ????????????????????????? ?? ### ##???????? | | ????????????????????????? ???# ## ##????????? | | ????????????????????????? ???# #?????????? | | ??????????????????????????????# ### ##?####????? | | ??????????????????????????????# ######?? #????? | | ??????????????????????????????# #???? #????? | | ??????????????????????????????### #???# #????? | | ????????????????????????????????# #??# #????? | | ????????????????????????????????# ### #?????? | | ???????????????????????????????## #?????? | | ????????????????????????#?????## #?????? | | ????????????????????????# ????# #?????? | | ????????????????????????# ???# ##?????? | | ???????????????????????## #??# ###??????? | | ???????????????????????# ### ##?###????? | | ???????????????????????# #?# ##???? | | ???????????????????????# ## ##??? | | ???????????????????????## ##?? | | ????????????????????????##### #?? | | ????????????????????????????## #?? | | ??????????????????#*#######??## ## #?? | | ??????????????????#!%= a%#???# #?# ##?? | | ????????????#%=*!%!|#####@#???## % #??#### #??? | | ??????????????????????### #????## #?????# #??? | | ?????????????????????## ##????## ##????# #??? | | ????????????????????## #?????# ###??# #??? | | ???????????????????## ##????# ##?# #??? | | ???????????????????# ##???## #?# #??? | | ???????????????????# #????### #?# #??? | | ??????????????????## ######?## #### #??? | | ?????????????????## ## ##?#= #??? | | ?????????????????# = #?# ######??? | | ?????????????????# % % ###! #???????? | | ?????????????????## ## #???????? | | ??????????????????## #???????? | | ???????????????????# #### ##??????? | | ???????????????????## ##??## %= ###????? | | ????????????????????####????## ## ### ##???? | | ?????????????????????????????#########?## #???? | | ????????????????????????????????????????# #??? | | ????????????????????????????????????????## ##??? | | ??????????????????????????????????????????###???? | | ????????????????????????????????????????????????? | | | | | | | | | +----------------------------------------------------+ Best States ------------- Heat Dissipation 25 Energy Generation 10 Energy Capacity 500 Matter Stores 450 Matter Capacity 450 Sight Range 16 Terrain Scan Density 10 Evasion (%) 40 Targeting Accuracy 5 Recoil Reduction 2 Item Schematics ----------------- None Robot Schematics ------------------ None Fabricated ------------ Nothing Alien Tech Used ----------------- None Achievements -------------- None Challenges ------------ None Game ------ Seed InsulationHeartDisintegrator Manual? 0 Play Time 00:10:06 Cumulative 591.7 hours Start 2022.11.27 @ 14:01:19 End 2022.11.27 @ 14:09:34 Sessions 1 Manual Loads 0 Difficulty Rogue Special Mode None Game No. 542 Rogue 542 Adventurer 0 Explorer 0 Win Type - Total 27 Types 14/2/7/2/0/0/1/1/0 Lore% 94 Gallery% 94 Achievement% 80 Wizard Run 0 Options --------- ASCII 0 Keyboard 0 Movement Arrows Keybinds 0 Fullscreen 1 Font 18/Smallcaps Map View 76x50 Tactical HUD 1 Map Filters NONE Filters NONE Steam 1 RUN: 5b4d00dc-a58a-4c23-a13b-445039cb1664